 Dungeon Crawl Stone Soup version 0.27-a0-1051-g288ea87c7c (webtiles) character file.

Game seed: 15958200240010430296

70594 robertstho the Severer (level 14, -1/140 HPs)
             Began as a Minotaur Berserker on Apr 20, 2021.
             Was a High Priest of Trog.
             Slain by a death yak (16 damage)
             ... on level 6 of the Lair of Beasts.
             The game lasted 00:29:07 (21092 turns).

robertstho the Severer (Minotaur Berserker)        Turns: 21092, Time: 00:29:09

Health: -1/140     AC: 21    Str: 25    XL:     14   Next: 94%
Magic:  13/13      EV: 11    Int:  5    God:    Trog [*****.]
Gold:   1274       SH:  0    Dex: 17    Spells: 13/13 levels left

rFire    + . .     SeeInvis .   y - +2 broad axe (flame)
rCold    . . .     Faith    .   (no shield)
rNeg     . . .     Spirit   .   j - +2 chain mail {rF+}
rPois    +         Reflect  .   (helmet restricted)
rElec    .         Harm     .   i - +0 cloak
rCorr    .         Rampage  .   p - +0 pair of gloves
Will     +....                  c - +0 pair of boots
Stlth    ..........             (no amulet)
HPRegen  0.33/turn              h - ring of poison resistance
MPRegen  0.13/turn              J - +6 ring of dexterity

@: on berserk cooldown, very slightly contaminated, hasted and slowed, invisible
A: horns 2, retaliatory headbutt
a: Renounce Religion, Berserk, Trog's Hand, Brothers in Arms


You were on level 6 of the Lair of Beasts.
You worshipped Trog.
Trog was extremely pleased with you.
You visited 2 branches of the dungeon, and saw 17 of its levels.
You also visited: Bailey and Volcano.

You collected 1274 gold pieces.

Inventory:

Hand Weapons
 y - a +2 broad axe of flaming (weapon)
 B - a +5 battleaxe
 L - a +1 antimagic broad axe
 M - a +6 broad axe
Missiles
 n - 5 curare-tipped darts
 A - a throwing net
Armour
 c - a +0 pair of boots (worn)
 g - a +0 buckler
 i - a +0 cloak (worn)
 j - a +2 chain mail of fire resistance (worn)
 k - a +0 plate armour
 p - a +0 pair of gloves (worn)
Jewellery
 h - a ring of poison resistance (left hand)
 w - a ring of magical power
 x - a +4 ring of protection
 G - a ring of protection from fire
 J - a +6 ring of dexterity (right hand)
 K - a ring of see invisible
 N - a ring of flight
Wands
 H - a wand of mindburst (20)
 I - a wand of iceblast (9)
Scrolls
 a - 5 scrolls of teleportation
 d - 4 scrolls of summoning {unknown}
 e - a scroll of noise {unknown}
 f - a scroll of fear
 l - 4 scrolls of magic mapping
 m - a scroll of blinking
 r - 6 scrolls of amnesia {unknown}
 v - 2 scrolls of enchant armour
 z - a scroll of enchant weapon
 E - 3 scrolls of fog {unknown}
 F - 2 scrolls of holy word
Potions
 b - 3 potions of haste
 o - a potion of invisibility
 q - 6 potions of degeneration {unknown}
 s - a potion of flight
 t - 5 potions of curing
 u - 2 potions of mutation
 C - 2 potions of ambrosia
 D - a potion of might


   Skills:
 * Level 17.4 Fighting
 + Level 18.2 Axes
 * Level 16.3 Armour
 + Level 4.0 Dodging
 + Level 1.7 Stealth
 + Level 3.8 Shields
 + Level 0.2 Evocations


You had 13 spell levels left.
You didn't know any spells.
Your spell library was empty.

Dungeon Overview and Level Annotations

Branches:
Dungeon (11/15)            Temple (0/1) D:6            Lair (6/6) D:9
 Shoals (0/4) Lair:2        Snake (0/4) Lair:2          Orc (0/2) D:9
 Bailey (visited)         Volcano (visited)
  Slime: Lair:5-6

Altars:
Cheibriados
Dithmenos
Elyvilon
Kikubaaqudgha
Makhleb
Nemelex Xobeh
Okawaru
Qazlal
Ru
Sif Muna
Trog
Wu Jian
Zin
Lugonu

Portals:
Abyss: D:3


Innate Abilities, Weirdness & Mutations

You have a pair of horns on your head.
You reflexively headbutt those who attack you in melee.


Message History

* * * LOW HITPOINT WARNING * * *
The yak gores you but does no damage.
The death yak gores you but does no damage.
The yak gores you but does no damage. The death yak gores you.
The death yak gores you.
* * * LOW HITPOINT WARNING * * *
The slime creature barely misses you. The yak gores you but does no damage.
The death yak gores you!
* * * LOW HITPOINT WARNING * * *
The yak gores you but does no damage. The death yak gores you!
* * * LOW HITPOINT WARNING * * *
The death yak gores you.
* * * LOW HITPOINT WARNING * * *
The slime creature hits you but does no damage.
The yak barely misses you. The death yak gores you!
* * * LOW HITPOINT WARNING * * *
The yak barely misses you.
The death yak gores you but does no damage.
You turn to flesh and can move again.
Blink to where?
Press: ? - help, Dir - move target
As you read the scroll of blinking, it crumbles to dust.
As you read the scroll of fear, it crumbles to dust.
You assume a fearsome visage.
The slime creature looks frightened!
The death yak resists with almost no effort. x2
The death yak looks frightened!
The yak looks frightened!
The basilisk looks frightened!
Your ogre goes berserk!
The death yak gores your ogre!
Your ogre hits the death yak with a +0 giant spiked club!!
The death yak gores your ogre!!
Okay, then.
You fade into invisibility!
Your ogre hits the death yak with a +0 giant spiked club!!
The death yak gores your ogre!!
Your ogre dies!
Your ogre's corpse disappears in a puff of smoke!
You are very lightly contaminated with residual magic.
You feel yourself speed up. The death yak gores you!
You die...

##..#..÷........≈≈≈≈
#...P...........≈≈≈≈ ######
##.P............≈≈≈≈
##.##.#####.P.......†....≈≈##
#.....P#.....PP.....<††..≈##
###P..........PPP.....†......##
##....#.PPP............†........
#.................Y.....#.......
#..P...♣♣###♣..@YY.Y♣########+++
##.....## ##♣....## #.....##
#♣♣### #.....# ##....# ....#.##
##.....# ...##..# ....#.##


You could see 2 death yaks and 2 yaks.

Vanquished Creatures
  A sphinx (D:11)
  A red draconian (Volcano)
  7 hydras
  A boulder beetle (Lair:6)
  An ogre mage (Volcano)
  7 two-headed ogres
  Erica (D:9)
  21 death yaks
  A tengu warrior (D:11)
  Pikel (D:5)
  An orc knight (Bailey)
  An oklob plant (Lair:5)
  A cyclops (D:11)
  A manticore (D:11)
  14 elephants
  9 black mambas
  2 molten gargoyles (Volcano)
  10 cane toads
  A torpor snail (Lair:5)
  A gargoyle (D:11)
  3 rime drakes
  A kobold demonologist (D:11)
  A tengu conjurer (D:11)
  10 komodo dragons
  4 polar bears
  5 trolls
  Prince Ribbit (D:9)
  6 dream sheep (Lair:4)
  12 blink frogs
  3 slime creatures (Lair:6)
  A ynoxinul (D:9)
  4 wraiths (D:11)
  2 shadows
  Eustachio (D:6)
  33 yaks
  2 fire bats (Volcano)
  6 basilisks
  5 wyverns
  A vampire mosquito (D:11)
  Edmund (D:6)
  An acid dragon (D:11)
  26 water moccasins
  A two-headed ogre zombie (D:9)
  A black bear (D:9)
  A sky beast (D:7)
  12 orc warriors
  A necrophage (D:6)
  13 wolves
  A boggart (D:11)
  9 centaurs
  2 phantoms
  2 kobold brigands
  Blork the orc (D:5)
  14 bullfrogs
  3 gnoll sergeants
  A water moccasin skeleton (D:5)
  8 killer bees
  A troll zombie (D:9)
  14 wights
  A howler monkey (D:8)
  9 lava snakes (Volcano)
  3 centaur zombies
  3 hounds
  A jelly (D:3)
  4 orc priests
  2 gnoll shamans
  5 iguanas
  2 bullfrog skeletons (D:6)
  A centaur skeleton (D:7)
  7 orc wizards
  6 ogre zombies (D:9)
  2 hound skeletons
  2 howler monkey zombies
  23 gnolls
  A howler monkey skeleton (D:7)
  6 adders
  2 white imps
  An ufetubus (D:4)
  3 worms
  An adder skeleton (D:4)
  2 dart slugs
  35 orcs
  9 bats
  5 endoplasms
  5 giant cockroaches
  8 goblins
  9 hobgoblins
  9 jackals
  16 kobolds
  A quokka (D:1)
  6 ball pythons
  5 frilled lizards
  A goblin skeleton (D:9)
  4 goblin zombies (D:9)
  A hobgoblin skeleton (D:9)
  3 hobgoblin zombies (D:9)
  2 orc skeletons (D:9)
  14 orc zombies (D:9)
  2 rats
519 creatures vanquished.

Vanquished Creatures (collateral kills)
  2 boulder beetles (D:11)
  A tengu warrior (D:11)
  A gargoyle (D:11)
  A cane toad (Lair:6)
  2 yaks (Lair:6)
  An acid dragon (D:11)
  2 orc warriors (Bailey)
  A wolf (Lair:6)
  2 orcs (Bailey)
13 creatures vanquished.

Vanquished Creatures (others)
  44 fungi
  69 plants
  3 toadstools (D:3)
116 creatures vanquished.

Grand Total: 648 creatures vanquished

Notes
Turn   | Place    | Note
-------+----------+-------------------------------------------
     0 | D:1      | robertstho the Minotaur Berserker began the quest for the
                  | Orb.
     0 | D:1      | Reached XP level 1. HP: 19/19 MP: 0/0
   187 | D:1      | Found a faded altar of an unknown god.
   274 | D:1      | Reached skill level 4 in Axes
   274 | D:1      | Reached XP level 2. HP: 26/27 MP: 1/1
   904 | D:2      | Noticed a phantom
   911 | D:2      | Reached XP level 3. HP: 11/34 MP: 2/2
   911 | D:2      | Killed a phantom
   912 | D:2      | Reached skill level 5 in Fighting
   912 | D:2      | Reached XP level 4. HP: 14/42 MP: 3/3
  1206 | D:2      | Reached skill level 1 in Stealth
  1208 | D:2      | Reached ** piety under Trog
  1209 | D:2      | Reached XP level 5. HP: 12/48 MP: 4/4
  2024 | D:3      | Found a glowing silver altar of Zin.
  2024 | D:3      | Found a shadowy altar of Dithmenos.
  2024 | D:3      | Found an ornate altar of the Wu Jian Council.
  2152 | D:3      | Reached skill level 5 in Axes
  2157 | D:3      | Reached XP level 6. HP: 32/57 MP: 5/5
  2531 | D:3      | Found a large runed translucent door.
  2531 | D:3      | Found a large runed translucent door.
  2532 | D:3      | Found a corrupted altar of Lugonu.
  2565 | D:3      | Found a one-way gate to the infinite horrors of the Abyss.
  2835 | D:4      | Identified the +8 hunting sling "Neppi" {vorpal, rPois
                  | Int+2}
  3130 | D:4      | Reached skill level 1 in Shields
  3228 | D:4      | Reached *** piety under Trog
  3229 | D:4      | Reached skill level 6 in Axes
  3343 | D:4      | Reached XP level 7. HP: 63/63 MP: 6/6
  3713 | D:5      | Entered Level 5 of the Dungeon
  3745 | D:5      | Found an ancient bone altar of Kikubaaqudgha.
  3789 | D:5      | Noticed Pikel
  3796 | D:5      | Killed Pikel
  3797 | D:5      | Reached skill level 7 in Axes
  3797 | D:5      | Reached skill level 5 in Armour
  3845 | D:5      | Reached skill level 8 in Axes
  3845 | D:5      | Reached XP level 8. HP: 73/73 MP: 7/7
  4035 | D:5      | Noticed Blork the orc
  4043 | D:5      | Killed Blork the orc
  4266 | D:6      | Noticed Edmund
  4266 | D:6      | Noticed Eustachio
  4277 | D:6      | Killed Edmund
  4287 | D:6      | Killed Eustachio
  4287 | D:6      | Reached **** piety under Trog
  4288 | D:6      | Reached skill level 9 in Axes
  4410 | D:6      | Found a staircase to the Ecumenical Temple.
  4909 | D:6      | Found a white marble altar of Elyvilon.
  5089 | D:7      | Reached XP level 9. HP: 79/82 MP: 8/8
  5396 | D:7      | Reached skill level 10 in Axes
  5567 | D:7      | Found a flagged portal.
  5588 | Bailey   | Entered a bailey
  5588 | Bailey   | Noticed an orc knight
  5588 | Bailey   | Noticed an orc knight
  5592 | Bailey   | Noticed an orc knight
  5604 | Bailey   | Killed an orc knight
  7156 | D:8      | Reached skill level 11 in Axes
  7172 | D:8      | Reached XP level 10. HP: 89/92 MP: 9/9
  7319 | D:9      | Reached ***** piety under Trog
  7773 | D:9      | Found a staircase to the Orcish Mines.
  7788 | D:9      | Reached skill level 10 in Fighting
  7802 | D:9      | Received a gift from Trog
  8062 | D:9      | Noticed Erica
  8079 | D:9      | Killed Erica
  8080 | D:9      | Reached skill level 12 in Axes
  8080 | D:9      | Reached skill level 10 in Armour
  8310 | D:9      | Found a shimmering blue altar of Sif Muna.
  8323 | D:9      | Identified Sif Muna's Papyrus of Hurtful Necromancy
  8460 | D:9      | Found a bloodstained altar of Trog.
  8487 | D:9      | Found a staircase to the Lair.
  8487 | D:9      | Noticed an elephant
  8495 | D:9      | Killed an elephant
  8789 | D:9      | Noticed Prince Ribbit
  8798 | D:9      | Killed Prince Ribbit
  8950 | D:9      | Found an iron altar of Okawaru.
  8952 | D:9      | Found a snail-covered altar of Cheibriados.
  8955 | D:9      | Found a stormy altar of Qazlal.
  8979 | D:10     | Entered Level 10 of the Dungeon
  8979 | D:10     | Noticed a two-headed ogre
  8992 | D:10     | Killed a two-headed ogre
  8993 | D:10     | Reached XP level 11. HP: 38/101 MP: 10/10
  9485 | D:10     | Found an iron altar of Okawaru.
  9551 | D:10     | Found a sacrificial altar of Ru.
  9904 | D:10     | Reached skill level 13 in Axes
 10154 | D:10     | Found a burning altar of Makhleb.
 10710 | D:11     | Noticed a sphinx
 10726 | D:11     | Killed a sphinx
 10727 | D:11     | Reached skill level 14 in Axes
 10808 | D:11     | Noticed a two-headed ogre
 10817 | D:11     | Killed a two-headed ogre
 11156 | D:11     | Noticed an eight-headed hydra
 11161 | D:11     | Killed a five-headed hydra
 11167 | D:11     | Reached XP level 12. HP: 113/113 MP: 11/11
 11444 | D:11     | Noticed a seven-headed hydra
 11451 | D:11     | Noticed a tengu warrior
 11456 | D:11     | Killed a four-headed hydra
 11458 | D:11     | Noticed a two-headed ogre
 11458 | D:11     | Noticed a boulder beetle
 11465 | D:11     | Killed a two-headed ogre
 11465 | D:11     | Noticed a boulder beetle
 11479 | D:11     | Killed a boulder beetle
 11479 | D:11     | Killed a tengu warrior
 11482 | D:11     | HP: 2/115 [boulder beetle (30)]
 11483 | D:11     | Killed a boulder beetle
 11499 | D:11     | Noticed a tengu warrior
 11505 | D:11     | Killed a tengu warrior
 11808 | Lair:1   | Entered Level 1 of the Lair of Beasts
 12175 | Lair:1   | Reached skill level 15 in Axes
 12432 | Lair:2   | Noticed a six-headed hydra
 12443 | Lair:2   | Killed a three-headed hydra
 13131 | Lair:2   | Found a staircase to the Snake Pit.
 13172 | Lair:2   | Received a gift from Trog
 13251 | Lair:2   | Reached XP level 13. HP: 57/125 MP: 12/12
 14016 | Lair:2   | Found a staircase to the Shoals.
 15563 | Lair:3   | Reached skill level 16 in Axes
 16135 | Lair:4   | Reached skill level 15 in Fighting
 16255 | Lair:4   | Reached skill level 15 in Armour
 17166 | Lair:4   | Found a sparkling altar of Nemelex Xobeh.
 17630 | Lair:5   | Found a dark tunnel.
 17664 | Volcano  | Entered a volcano
 17705 | Volcano  | Received a gift from Trog
 18402 | Volcano  | Found a burning altar of Makhleb.
 18748 | Volcano  | Noticed a red draconian
 18759 | Volcano  | Killed a red draconian
 18760 | Volcano  | Reached XP level 14. HP: 136/136 MP: 13/13
 19389 | Lair:5   | Reached skill level 17 in Axes
 20150 | Lair:5   | Received a gift from Trog
 20578 | Lair:6   | Entered Level 6 of the Lair of Beasts
 20791 | Lair:6   | Reached skill level 18 in Axes
 21092 | Lair:6   | Slain by a death yak

Illustrated notes

Levels and vault maps discovered:
D:1:      dpeg_arrival_windows_large_door, layout_basic,
          hellmonk_ecumenical_altar_arch_garden
D:2:      layout_rooms, grunt_ministairs_3
D:3:      due_chaos_kobolds, layout_rooms, gammafunk_temple_overflow_forgotten,
          serial_bayou_pond_e, minmay_gold_behind_fungi, feat_on_display
D:4:      layout_loops_ring, minmay_crystal_water, minmay_checkerbox
D:5:      layout_rooms, nicolae_kikubaaqudgha_miasma_corner,
          nrook_loot_triangle, kennysheep_decorative_pillar,
          amcnicky_mini_corridor_feature, st_stairs_10,
          minmay_misc_feat_diagonals, uniq_pikel, uniq_blork_the_orc
D:6:      layout_cave_pools, general_overflow_altar,
          minmay_temple_entry_butterflies, uniq_eustachio, uniq_edmund
D:7:      layout_gridville, enter_bailey_5, minmay_manual_mares
D:8:      layout_loops_cross, chequers_serial_rivers_micro_c,
          grunt_decor_resistance
D:9:      layout_basic, nzn_overflow_gifts_of_might_and_magic, minitemple,
          david_lair_generic, zombieorc2_lemuel, uniq_erica, uniq_prince_ribbit1
D:10:     layout_basic, nicolae_ru_great_annihilating_truth, grunt_ministairs_3,
          hangedman_feature_mirror
D:11:     minmay_the_grid_4x2 [minmay_the_grid_doors,
          minmay_the_grid_zigzag_pyramid, minmay_the_grid_eight,
          minmay_the_grid_small_cups, minmay_the_grid_tree,
          minmay_the_grid_odd_star, minmay_the_grid_minigrid_small,
          minmay_the_grid_prize_big_room], layout_loops_cross, kb_rosetta
Lair:1:   layout_cave_shapes, grunt_megastairs_3
Lair:2:   layout_cave_pods, minmay_shoals_entry_centaurs,
          minmay_snake_entry_six_corridors, fungi_pond_lemuel
Lair:3:   layout_regular_city, wad_woods_road_02, lemuel_fruit_tree
Lair:4:   layout_regular_city, basic_altar, grunt_megastairs_1
Lair:5:   layout_loops_ring, nicolae_volcano_entry_two_sided,
          minmay_lair_oklob_items, beast_lair_carwin_2
Lair:6:   due_jungle_book, layout_gridlike, minmay_slime_entry_pillars,
          grunt_megastairs_2, infiniplex_staircase_pool_2

Skill      XL: |  1  2  3  4  5  6  7  8  9 10 11 12 13 14 |
---------------+-------------------------------------------+-----
Axes           | 4 5 6 8 9 11 12 14 15 16 18 | 18.2
Fighting       | 4 5 6 7 8 9 10 12 14 15 17 | 17.4
Stealth        | 1 |  1.7
Armour         | 3 4 5 6 9 11 12 13 15 16 | 16.3
Shields        | 1 2 3 |  3.8
Dodging        | 3 4 |  4.0
Evocations     | |  0.2

Action                   |  1- 3 |  4- 6 |  7- 9 | 10-12 | 13-15 || total
-------------------------+-------+-------+-------+-------+-------++-------
Melee: Hand axe          |    33 |     8 |       |    31 |     6 ||    78
       Headbutt          |     5 |    17 |    54 |    80 |   116 ||   272
       War axe           |       |   124 |   265 |    23 |       ||   412
       Battleaxe         |       |       |       |   341 |   271 ||   612
       Broad axe         |       |       |       |       |   168 ||   168
Invok: Berserk           |     1 |     6 |     5 |    15 |    13 ||    40
       Brothers in Arms  |       |       |     1 |     2 |     3 ||     6
       Trog's Hand       |       |       |     1 |     2 |     1 ||     4
Evoke: Wand              |       |       |     5 |     1 |     1 ||     7
  Use: Scroll            |       |     3 |     4 |     6 |     8 ||    21
       Potion            |       |       |       |     2 |     2 ||     4
 Stab: Sleeping          |     1 |       |       |       |       ||     1
Armor: Animal skin       |    13 |     3 |       |       |       ||    16
       Plate armour      |       |    86 |   164 |   356 |   140 ||   746
       Chain mail        |       |       |       |       |   155 ||   155
Dodge: Dodged            |    33 |    36 |    72 |   210 |   193 ||   544
Block: Buckler           |     4 |    21 |    62 |       |       ||    87

Table legend: (Time is in decaauts)
 A = Elapsed time spent in this place.
 B = Non-inter-level travel time spent in this place.
 C = Inter-level travel time spent in this place.
 D = Time resting spent in this place.
 E = Time spent auto-exploring this place.
 F = Levels seen in this place.
 G = Mean time per level.
                   A        B        C        D        E       F      G
               +--------+--------+--------+--------+--------+-----+--------+
         Total |  21430 |  20761 |    669 |   3906 |  13993 |  19 | 1127.9 |
       Dungeon |  12044 |  11590 |    454 |   1547 |   8275 |  11 | 1094.9 |
          Lair |   7848 |   7634 |    214 |   2159 |   4646 |   6 | 1308.0 |
        Bailey |     48 |     48 |      0 |      3 |      0 |   1 |   48.0 |
       Volcano |   1488 |   1488 |      0 |    196 |   1072 |   1 | 1488.0 |
               +--------+--------+--------+--------+--------+-----+--------+

Top non-repeatable levels by time:
  Lair:2: 1899 daAuts
     D:9: 1703 daAuts
  Lair:3: 1678 daAuts
    D:11: 1622 daAuts
  Lair:4: 1530 daAuts
 Volcano: 1488 daAuts
  Lair:5: 1479 daAuts
    D:10: 1239 daAuts
     D:7: 1201 daAuts
     D:1: 1150 daAuts
     D:6: 1081 daAuts
     D:4: 1060 daAuts
  Lair:1: 1005 daAuts
     D:3: 899 daAuts
     D:8: 871 daAuts
